 Dungeon Crawl Stone Soup version 0.24.0-123-gd5b16e6ec5 (webtiles) character file.

Game seed: 4299473422786954860, levelgen mode: deterministic

623 FishyPogo the Skirmisher (level 7, -1/64 HPs)
             Began as a Grey Draconian Berserker on Dec 27, 2019.
             Was a Priest of Trog.
             Slain by an ice beast (13 damage)
             ... on level 5 of the Dungeon.
             The game lasted 00:05:13 (3096 turns).

FishyPogo the Skirmisher (Grey Draconian Berserker) Turns: 3096, Time: 00:05:13

Health: -1/64      AC: 11    Str: 21    XL:     7   Next: 22%
Magic:  7/7        EV: 13    Int:  7    God:    Trog [***...]
Gold:   218        SH:  0    Dex: 11    Spells: 6/6 levels left

rFire    . . .     SeeInvis .   a - +0 falchion
rCold    . . .     Gourm    .   (no shield)
rNeg     . . .     Faith    .   (armour unavailable)
rPois    .         Spirit   .   (helmet restricted)
rElec    .         Reflect  .   (no cloak)
rCorr    .         Harm     .   (no gloves)
MR       +....                  (no boots)
Stlth    +.........             (no amulet)
HPRegen  0.20/turn              w - ring of protection from magic
MPRegen  0.10/turn              (no ring)

@: slowed, very slow
A: walk through water, unfitting armour, unbreathing, cold-blooded, AC +11
a: Berserk, Trog's Hand, Renounce Religion


You were on level 5 of the Dungeon.
You worshipped Trog.
Trog was most pleased with you.
You were hungry.

You visited 1 branch of the dungeon, and saw 5 of its levels.

You collected 218 gold pieces.

Inventory:

Hand Weapons
 a - a +0 falchion (weapon)
 c - a cursed -2 whip
Missiles
 g - 55 stones (quivered)
 z - 4 boomerangs
Jewellery
 w - a ring of protection from magic (left hand)
Wands
 k - a wand of polymorph (7)
 x - a wand of disintegration (17)
 y - a wand of enslavement (3)
Scrolls
 d - 5 scrolls of identify {unknown}
 f - a scroll of fear {unknown}
 j - 3 scrolls of remove curse {unknown}
 n - a scroll of enchant weapon {unknown}
 o - 3 scrolls of teleportation {unknown}
 s - a scroll of noise {unknown}
 t - a scroll of enchant armour {unknown}
 u - a scroll of amnesia {unknown}
Potions
 e - 6 potions of curing {unknown}
 h - 2 potions of heal wounds {unknown}
 l - 2 potions of cancellation {unknown}
 m - a potion of ambrosia {unknown}
 p - 2 potions of might {unknown}
 q - a potion of brilliance {unknown}
 r - 2 potions of haste {unknown}
 v - a potion of lignification {unknown}
Comestibles
 b - 16 rations
 i - 5 chunks of flesh


   Skills:
 * Level 6.9 Fighting
 + Level 4.9 Long Blades
 + Level 4.4 Dodging


You had 6 spell levels left.
You didn't know any spells.
Your spell library was empty.

Dungeon Overview and Level Annotations

Branches:
Dungeon (5/15)
 Temple: D:4-7

Altars:
Cheibriados
Nemelex Xobeh
Ru


Innate Abilities, Weirdness & Mutations

You can walk through water.
Your dull iron-grey scales are very hard. (AC +11)
You cannot fit into any form of body armour.
You can survive without breathing.
You are cold-blooded and may be slowed by cold attacks.


Message History

You hit the ice beast but do no damage.
The ice beast is heavily wounded.
The ice beast hits you but does no damage.
You hit the ice beast but do no damage.
Your tail-slap misses the ice beast.
The ice beast is heavily wounded.
The ice beast barely misses you.
You barely miss the ice beast.
Your tail-slap misses the ice beast.
The ice beast is heavily wounded.
The ice beast hits you. The ice beast freezes you!
You feel yourself slow down.
You barely miss the ice beast.
The ice beast is heavily wounded.
The ice beast hits you. The ice beast freezes you.
You feel as though you will be slow longer.
* * * LOW HITPOINT WARNING * * *
You hit the ice beast but do no damage.
The ice beast is heavily wounded.
The ice beast hits you.
* * * LOW HITPOINT WARNING * * *
The ice beast freezes you!
You die...

#. #. #.############ ##.
#............## #...
#..#.##.......# #
#.#.#####..#.##.####..# #.
#.#........#........... #..
#.##.#..##.####.####..#
#...###.##.##.##÷####.......#
#.........wY@............####
........#.O##.##.###...÷.# #
......)....##.##.........# #
........#.##..)#####.....#
#.........###..# #.....#
#...####### ##.# ####### #..
#.# .. #.# . #.#


You could see an ice beast, an ogre and a worm.

Vanquished Creatures
  Sigmund (D:4)
  An ogre (D:5)
  A scorpion (D:4)
  A howler monkey (D:4)
  A hound (D:5)
  An orc wizard (D:4)
  4 worker ants
  5 adders
  An ooze (D:2)
  A dart slug (D:2)
  4 leopard geckos
  6 orcs
  2 ball pythons (D:2)
  6 giant cockroaches
  6 goblins
  16 hobgoblins
  8 jackals
  7 kobolds
  3 quokkas
  6 bats
  9 frilled lizards
  11 rats
101 creatures vanquished.

Notes
Turn   | Place    | Note
-------+----------+-------------------------------------------
     0 | D:1      | FishyPogo the Draconian Berserker began the quest for the
                  | Orb.
     0 | D:1      | Reached XP level 1. HP: 19/19 MP: 1/1
   138 | D:1      | Reached XP level 2. HP: 27/27 MP: 2/2
   313 | D:1      | Reached skill level 4 in Fighting
   535 | D:1      | Reached XP level 3. HP: 25/33 MP: 3/3
   769 | D:1      | Reached ** piety under Trog
  1040 | D:2      | Found a sparkling altar of Nemelex Xobeh.
  1360 | D:2      | Reached XP level 4. HP: 41/41 MP: 4/4
  2476 | D:4      | Reached skill level 5 in Fighting
  2504 | D:4      | Reached XP level 5. HP: 43/48 MP: 5/5
  2643 | D:4      | Found a snail-covered altar of Cheibriados.
  2700 | D:4      | Reached *** piety under Trog
  2706 | D:4      | Reached XP level 6. HP: 35/57 MP: 6/6
  2798 | D:4      | Noticed Sigmund
  2807 | D:4      | Killed Sigmund
  2807 | D:4      | Reached skill level 6 in Fighting
  2901 | D:4      | Found a sacrificial altar of Ru.
  2997 | D:5      | Entered Level 5 of the Dungeon
  3048 | D:5      | Your scales start taking on a dull iron-grey colour.
  3048 | D:5      | Reached XP level 7. HP: 47/64 MP: 7/7
  3048 | D:5      | Gained mutation: You can survive without breathing. [Grey
                  | Draconian growth]
  3096 | D:5      | Slain by an ice beast

Levels and vault maps discovered:
D:1:      psy_arrival_radial01, layout_basic
D:2:      kb_forest_paths, layout_basic, nemelex_xobeh_ov_fountains_minmay,
          kennysheep_generic_room_8
D:3:      wander_river, layout_basic, first_ration, hex_intersection,
          kennysheep_doodads
D:4:      layout_rooms, nicolae_ru_sacrificial_ziggurat, cheibriados_altar_1,
          uniq_sigmund
D:5:      layout_loops_cross, basic_altar, dk_yredelemnul_ordeal

Skill      XL: |  1  2  3  4  5  6 |
---------------+-------------------+-----
Fighting       | 4 5 6 |  6.9
Dodging        | 3 4 |  4.4
Long Blades    | 4 |  4.9

Action                   |  1- 3 |  4- 6 |  7- 9 || total
-------------------------+-------+-------+-------++-------
Melee: Falchion          |   126 |   164 |    23 ||   313
       Tailslap          |    14 |    24 |     5 ||    43
Invok: Berserk           |       |     2 |       ||     2
       Trog's Hand       |       |     1 |       ||     1
 Stab: Sleeping          |     1 |     1 |       ||     2
       Distracted        |     1 |       |       ||     1
  Eat: Chunk             |     2 |     7 |       ||     9
Armor: Skin              |    50 |    38 |    13 ||   101
Dodge: Dodged            |    98 |   162 |    24 ||   284
       Rpst.: Falchion   |    34 |    49 |     8 ||    91
